AoeStats
← DeMoTiX

Arabia

510249849Analyzed
2v2 RM · 2d ago on Sep 30, 2026· 32m 56s· 4 players
Game mode
Random Map
Map size
Medium (4 player)
Population
200
Speed
Normal
Resources
Standard
Victory
Conquest
Starting age
Dark Age
Ending age
Imperial Age
RankedLock teamsTeams togetherTeam positionsShared explorationLock speedFull tech treeHidden civsTurbo modeCheats
Victory
Defeat
🇨🇱 Wei · Chile
885
+15
🇧🇴 Turks · Bolivia
811
+17
🇺🇸 Teutons · United States
879
-17
🇺🇸 Japanese · United States
827
-15
Chris Hansen
5:11 Loom
9:17 Feudal Age
sideways
7:03 Loom
9:53 Feudal Age
10:09 Man-at-Arms
12:06 Arson
12:39 Scale Mail Armor
13:42 Fletching
14:17 Double-Bit Axe
23:50 Castle Age
24:01 Crossbowman
27:39 Bodkin Arrow
✟ L¥N V ✟
8:14 Loom
22:45 Feudal Age
24:03 Wheelbarrow
23:15 Double-Bit Axe
23:21 Horse Collar
25:16 Gold Mining
34:44 Castle Age
DeMoTiX
10:02 Feudal Age
11:15 Loom
16:36 Double-Bit Axe
23:34 Castle Age
30:54 Wheelbarrow
Connection lost

Rejoining the realm…

Still unreachable

The connection could not be restored.

Session expired

The server has moved on; the page needs a fresh start.